 Dungeon Crawl Stone Soup version 0.20-a0-16-g0876c8e (webtiles) character file.

100 KristoblXynda the Covered (level 4, -1/33 HPs)
             Began as a Minotaur Wizard on Nov 3, 2016.
             Was an Initiate of Ashenzari.
             Slain by a howler monkey (2 damage)
             ... on level 5 of the Dungeon.
             The game lasted 00:07:36 (2779 turns).

KristoblXynda the Covered (Minotaur Wizard)         Turns: 2779, Time: 00:07:38

Health: -1/33      AC:  3    Str: 12    XL:     4   Next: 46%
Magic:  2/6        EV: 11    Int: 16    God:    Ashenzari [......]
Gold:   105        SH:  0    Dex:  8    Spells: 2 memorised, 4 levels left

rFire  . . .     SeeInvis .     h - +0 short sword
rCold  . . .     Gourm    .     m - +0 leather armour
rNeg   . . .     Faith    .     (no shield)
rPois  .         Spirit   .     b - +0 hat
rElec  .         Reflect  .     (no cloak)
rCorr  .         Harm     .     (no gloves)
MR     .....                    (no boots)
Stlth  +.........               (no amulet)
                                (no ring)
                                (no ring)

@: very slightly contaminated
A: retaliatory headbutt, horns 2
a: Curse Item, Renounce Religion


You were on level 5 of the Dungeon.
You worshipped Ashenzari.
Ashenzari was noncommittal.
You were hungry.

You visited 1 branch of the dungeon, and saw 5 of its levels.

You collected 105 gold pieces.

Inventory:

Hand Weapons
 h - a +0 short sword (weapon)
Armour
 b - a +0 hat (worn)
 m - a +0 leather armour (worn)
Jewellery
 a - an uncursed ring of stealth
Scrolls
 e - a scroll of recharging
 g - 2 scrolls of remove curse
 k - 3 scrolls of identify
Potions
 j - a potion of magic
Books
 c - a book of Minor Magic

   Spells                             Type                      Level
   a - Magic Dart                     Conjuration                  1
   b - Blink                          Translocation                2
   c - Call Imp                       Summoning                    2
   d - Repel Missiles                 Charms/Air                   2
   e - Slow                           Hexes                        2
   f - Conjure Flame                  Conjuration/Fire             3
   g - Mephitic Cloud                 Conjuration/Poison/Air       3
Comestibles
 d - 3 bread rations
 f - 2 meat rations


   Skills:
 + Level 3.6 Armour
 - Level 2.1 Dodging
 - Level 1.5 Stealth
 - Level 2.1 Spellcasting
 + Level 2.1 Conjurations
   Level 0.6 Summonings
 - Level 0.6 Translocations


You had 4 spell levels left.
You knew the following spells:

 Your Spells              Type           Power        Failure   Level  Hunger
a - Magic Dart            Conj           #...         12%         1    #......
b - Blink                 Tloc           N/A          34%         2    ###....


Dungeon Overview and Level Annotations

Branches:
Dungeon (5/15)
 Temple: D:4-7

Altars:
Ashenzari
Cheibriados
Ru


Innate Abilities, Weirdness & Mutations

You reflexively headbutt those who attack you in melee.
You have a pair of horns on your head.


Message History

Unknown command.
The howler monkey hits you.
* * * LOW HITPOINT WARNING * * *
The orc barely misses you.
You climb downwards.
Found a bread ration.
There is a stone staircase leading up here.
A killer bee and an orc come into view.
The killer bee buzzes angrily.
The howler monkey misses you.
A killer bee and a howler monkey come into view.
An orc comes into view.
The killer bee buzzes angrily.
The orc shouts!
The howler monkey hits you.
* * * LOW HITPOINT WARNING * * *
A killer bee, an orc and a zombie come into view.
The howler monkey hits you.
* * * LOW HITPOINT WARNING * * *
The howler monkey hits you.
You die...

y.. h.. #.#
#.# #..
#y### ##yo<#
#..h#......%
#.#@#.######
...#...#
Z..#######
..o.. .oo.
... ...


You could see 2 howler monkeys, 2 killer bees and an orc.

Vanquished Creatures
  A howler monkey (D:4)
  An adder (D:2)
  A worm (D:3)
  3 dart slugs
  2 leopard geckos
  2 orcs (D:4)
  A giant cockroach (D:1)
  7 goblins
  5 hobgoblins
  4 jackals (D:2)
  2 kobolds
  2 quokkas (D:2)
  2 ball pythons (D:1)
  3 bats
  2 frilled lizards (D:1)
  2 rats
40 creatures vanquished.

Notes
Turn   | Place    | Note
-------+----------+-------------------------------------------
     0 | D:1      | KristoblXynda the Minotaur Wizard began the quest for the Orb.
     0 | D:1      | Reached XP level 1. HP: 14/14 MP: 2/2
   311 | D:1      | Reached skill level 1 in Armour
   311 | D:1      | Reached skill level 1 in Conjurations
   484 | D:1      | Reached XP level 2. HP: 16/20 MP: 4/4
   722 | D:1      | Found a shattered altar of Ashenzari.
   749 | D:1      | Became a worshipper of Ashenzari the Shackled
   918 | D:1      | Reached skill level 2 in Armour
  1273 | D:2      | Reached XP level 3. HP: 24/26 MP: 0/5
  1330 | D:2      | Learned a level 2 spell: Blink
  1846 | D:2      | Found a snail-covered altar of Cheibriados.
  1846 | D:2      | Found a sacrificial altar of Ru.
  2186 | D:3      | Reached skill level 3 in Armour
  2448 | D:4      | Reached XP level 4. HP: 12/33 MP: 2/6
  2776 | D:5      | Entered Level 5 of the Dungeon
  2779 | D:5      | HP: 1/33 [howler monkey (2)]
  2779 | D:5      | Slain by a howler monkey

Vault maps used:
D:1:      zelgadis_glass_arrival_small, evilmike_ruin_ashenzari
D:2:      gammafunk_temple_overflow_elements
D:3:      regret_index_temple_of_mockery, nicolae_qazlal_eye_of_the_storm,
          nicolae_overflow_crystal_walls, kennysheep_generic_room_2
D:4:      dk_noncrumbling_2, st_stairs_13, kennysheep_generic_room_16
D:5:      first_bread

Skill      XL: |  1  2  3 |
---------------+----------+-----
Armour         | 1 2 3 |  3.6
Conjurations   | 1 2 |  2.1
Dodging        | |  2.1
Stealth        | |  1.5
Spellcasting   | |  2.1
Summonings     | |  0.6
Translocations | |  0.6

Action                   |  1- 3 |  4- 6 || total
-------------------------+-------+-------++-------
Melee: Short sword       |   100 |    10 ||   110
       Unarmed           |     8 |       ||     8
       Headbutt          |    10 |     1 ||    11
 Cast: Magic Dart        |    36 |       ||    36
       Blink             |       |     2 ||     2
  Use: Scroll            |     3 |       ||     3
       Potion            |       |     1 ||     1
 Stab: Sleeping          |     3 |       ||     3
  Eat: Chunk             |     5 |     1 ||     6
Armor: Robe              |     8 |       ||     8
       Leather armour    |    10 |     4 ||    14
Dodge: Dodged            |    69 |     9 ||    78
